 Dungeon Crawl Stone Soup version 0.31-a0-963-ga325b2283a (webtiles) character file.

Game seed: 1437156487530536736

390 theanonym the Slasher (level 6, -7/75 HPs)
             Began as an Armataur Gladiator on Oct 24, 2023.
             Was a Follower of Hepliaklqana.
             Mangled by a harpy (12 damage)
             ... on level 6 of the Dungeon.
             The game lasted 00:06:29 (3316 turns).

theanonym the Slasher (Armataur Gladiator)          Turns: 3316, Time: 00:06:30

Health: -7/75      AC:  7    Str: 21    XL:     6   Next: 50%
Magic:  6/6        EV:  9    Int: 11    God:    Hepliaklqana [*.....]
Gold:   197        SH:  0    Dex: 12    Spells: 5/5 levels left

rFire   . . .        a - +0 long sword
rCold   . . .        (no shield)
rNeg    . . .        b - +0 leather armour
rPois   +            c - +0 helmet
rElec   .            w - +0 cloak
rCorr   .            p - +0 pair of gloves
SInv    .            (no barding)
Will    +....        m - amulet "Puxzaf" {Faith rPois Int+3} Stlth
                     j - ring of poison resistance
HPRegen 0.32/turn    k - ring of willpower {Will+}
MPRegen 0.10/turn

%: roll, faith
@: berserking, very quick
A: reduced essence, large, rugged brown scales 3, deformed body, armoured tail,
roll, long tongue, awkward tongue
a: Renounce Religion, Recall Ancestor, Ancestor Identity


Innate Abilities, Weirdness & Mutations

Your life essence is reduced to manifest your ancestor. (-10% HP)
You are completely covered in rugged brown scales. (AC +3, +7% HP)
Armour fits poorly on your strangely shaped body.
You have a long armoured tail.
You roll when moving toward enemies. (Rampage)
Your long tongue fully drains potion bottles. (2x potion effects)
Your tongue gives you trouble enunciating. (1.5x scroll delay)


   Skills:
 + Level 3.9 Fighting
 * Level 5.7 Long Blades
 - Level 1.7 Throwing
 - Level 2.1 Dodging


You had 5 spell levels left.
You didn't know any spells.
Your spell library was empty.

Skill      XL: |  1  2  3  4  5 |
---------------+----------------+-----
Fighting       | 2 3 |  3.9
Long Blades    | 3 4 5 |  5.7
Throwing       | |  1.7
Dodging        | |  2.1

Action                     |  1- 3 |  4- 6 || total
---------------------------+-------+-------++-------
  Melee: Long sword        |   109 |   173 ||   282
         Tailslap          |     8 |    22 ||    30
 Invoke: Ancestor Identity |       |     1 ||     1
  Evoke: Wand              |       |     3 ||     3
    Use: Potion            |       |     4 ||     4
         Scroll            |       |     1 ||     1
   Stab: Sleeping          |     2 |       ||     2
 Armour: Leather armour    |    75 |   155 ||   230
  Dodge: Dodged            |    60 |    80 ||   140

Inventory:

Hand Weapons
 a - a +0 long sword (weapon)
Missiles
 d - 3 throwing nets (quivered)
 e - 5 javelins
Armour
 b - a +0 leather armour (worn)
 c - a +0 helmet (worn)
 p - a +0 pair of gloves (worn)
 w - a +0 cloak (worn)
Jewellery
 j - a ring of poison resistance (left hand)
 k - a ring of willpower (right hand) {Will+}
 m - the amulet "Puxzaf" (around neck) {Faith rPois Int+3}

   [amulet of faith]

   Faith:     It allows you to gain divine favour quickly.
   Int+3:     It affects your intelligence (+3).
   rPois:     It protects you from poison
Wands
 s - a wand of roots (11)
 x - a wand of polymorph (8)
Scrolls
 f - a scroll of enchant armour {unknown}
 o - 2 scrolls of identify {unknown}
 r - a scroll of blinking {unknown}
 t - a scroll of teleportation
Potions
 h - a potion of haste
 l - a potion of mutation {unknown}
 n - a potion of might {unknown}
 q - 2 potions of heal wounds
 u - a potion of ambrosia {unknown}
 v - a potion of degeneration {unknown}


You were on level 6 of the Dungeon.
You worshipped Hepliaklqana.
Hepliaklqana was aware of your devotion.
You visited 1 branch of the dungeon, and saw 6 of its levels.

You collected 197 gold pieces.

Dungeon Overview and Level Annotations

Branches:
Dungeon (6/15)
 Temple: D:4-7

Altars:
Fedhas
Hepliaklqana
Makhleb
Okawaru
Qazlal
Sif Muna
Vehumet
Zin

Shops:
D:2

( ............#
.............
............###.
.(...[..........
..............
............#
..?.........#
........†...#
#####.<†.H@#
#####..###
##...# #####


You could see a harpy.

Notes
Turn   | Place    | Note
-------+----------+-------------------------------------------
     0 | D:1      | theanonym the Armataur Gladiator began the quest for the
                  | Orb.
     0 | D:1      | Reached XP level 1. HP: 18/18 MP: 1/1
    98 | D:1      | Reached skill level 2 in Fighting
    98 | D:1      | Reached skill level 3 in Long Blades
   126 | D:1      | Reached XP level 2. HP: 25/25 MP: 2/2
   562 | D:2      | Reached XP level 3. HP: 31/31 MP: 3/3
   685 | D:2      | Found Haxitiy's Weapon Boutique.
   993 | D:3      | Found a glowing silver altar of Zin.
  1036 | D:3      | Found a faded altar of an unknown god.
  1046 | D:3      | Reached skill level 4 in Long Blades
  1046 | D:3      | Reached XP level 4. HP: 26/39 MP: 4/4
  1049 | D:3      | HP: 18/39 [hobgoblin (4)]
  1157 | D:3      | Found a blossoming altar of Fedhas.
  1371 | D:3      | Found a hazy altar of Hepliaklqana.
  1386 | D:3      | Became a worshipper of Hepliaklqana the Forgotten
  1518 | D:3      | Identified the amulet "Puxzaf" {Faith rPois Int+3}
  1742 | D:3      | Reached skill level 3 in Fighting
  1872 | D:3      | Noticed Natasha
  1878 | D:3      | Killed Natasha
  1879 | D:3      | Reached XP level 5. HP: 41/48 MP: 5/5
  2140 | D:3      | Found a stormy altar of Qazlal.
  2224 | D:4      | Found a radiant altar of Vehumet.
  2225 | D:4      | Found a shimmering blue altar of Sif Muna.
  2225 | D:4      | Found a burning altar of Makhleb.
  2267 | D:4      | Noticed Ijyb
  2278 | D:4      | Killed Ijyb
  2279 | D:4      | Reached skill level 5 in Long Blades
  2375 | D:4      | Found an iron altar of Okawaru.
  2489 | D:4      | Reached * piety under Hepliaklqana
  2915 | D:5      | Entered Level 5 of the Dungeon
  2963 | D:4      | Reached XP level 6. HP: 37/49 MP: 6/6
  3157 | D:5      | HP: 23/50 [centaur/arrow (13)]
  3159 | D:5      | HP: 7/50 [centaur/arrow (7)]
  3170 | D:5      | HP: 18/50 [orc priest/divine providence (9)]
  3174 | D:5      | HP: 7/50 [white imp/puff of frost (7)]
  3184 | D:6      | HP: 8/50 [adder (2)]
  3190 | D:6      | HP: 25/50 [hound (1)]
  3300 | D:6      | Noticed an ice beast
  3302 | D:6      | an ice beast changed into a harpy
  3302 | D:6      | Noticed a harpy
  3307 | D:6      | HP: 23/50 [harpy (9)]
  3312 | D:6      | HP: 10/75 [harpy (9)]
  3315 | D:6      | HP: 4/75 [harpy (1)]
  3316 | D:6      | Mangled by a harpy

Vanquished Creatures
  A phantom (D:5)
  A hound (D:6)
  Ijyb (D:4)
  Natasha (D:3)
  An orc wizard (D:4)
  11 adders
  A white imp (D:6)
  A worm (D:3)
  4 dart slugs
  12 orcs
  4 ball pythons
  8 bats
  8 endoplasms
  A giant cockroach (D:4)
  8 hobgoblins
  A quokka (D:3)
  7 frilled lizards
  6 goblins
  6 kobolds
  5 rats
88 creatures vanquished.

Vanquished Creatures (collateral kills)
  2 orcs (D:4)
2 creatures vanquished.

Vanquished Creatures (others)
  2 ancestors
2 creatures vanquished.

Grand Total: 92 creatures vanquished

Table legend: (Time is in decaauts)
 A = Elapsed time spent in this place.
 B = Non-inter-level travel time spent in this place.
 C = Inter-level travel time spent in this place.
 D = Time resting spent in this place.
 E = Time spent auto-exploring this place.
 F = Levels seen in this place.
 G = Mean time per level.
                   A        B        C        D        E       F      G
               +--------+--------+--------+--------+--------+-----+--------+
         Total |   3347 |   3245 |    102 |    206 |   2427 |   6 |  557.8 |
       Dungeon |   3347 |   3245 |    102 |    206 |   2427 |   6 |  557.8 |
               +--------+--------+--------+--------+--------+-----+--------+

Top non-repeatable levels by time:
     D:3: 1291 daAuts
     D:4: 798 daAuts
     D:2: 476 daAuts
     D:1: 465 daAuts
     D:5: 196 daAuts
     D:6: 119 daAuts
